 Dungeon Crawl Stone Soup version 0.30.1-9-gdf580d7c3d (webtiles) character file.

Game seed: 10184903161378157921

2 monsoonserge the Ducker (level 1, 0/16 HPs)
             Began as a Merfolk Gladiator on Oct 9, 2023.
             Slain by a kobold
             ... wielding a +0 whip
              (3 damage)
             ... on level 1 of the Dungeon.
             The game lasted 00:00:14 (51 turns).

monsoonserge the Ducker (Merfolk Gladiator)           Turns: 51, Time: 00:00:15

Health: 0/16       AC:  4    Str: 14    XL:     1   Next: 40%
Magic:  1/1        EV: 13    Int:  7    God:
Gold:   0          SH:  0    Dex: 15    Spells: 0/0 levels left

rFire   . . .        a - +0 long sword
rCold   . . .        (no shield)
rNeg    . . .        b - +0 leather armour
rPois   .            c - +0 helmet
rElec   .            (no cloak)
rCorr   .            (no gloves)
SInv    .            (no boots)
Will    .....        (no amulet)
Stlth   +            (no ring)
HPRegen 0.22/turn    (no ring)
MPRegen 0.07/turn

%: no passive effects
@: no status effects
A: (nimble swimmer 2), mertail
a: no special abilities


You were on level 1 of the Dungeon.
You visited 1 branch of the dungeon, and saw 1 of its levels.

Inventory:

Hand Weapons
 a - a +0 long sword (weapon)
Missiles
 d - 3 throwing nets (quivered)
 e - a javelin
Armour
 b - a +0 leather armour (worn)
 c - a +0 helmet (worn)
Potions
 f - 2 potions of curing {unknown}


   Skills:
 + Level 2.2 Fighting
 + Level 3.7 Long Blades
 + Level 2.0 Throwing
 + Level 4.1 Dodging


You couldn't memorise any spells.
You didn't know any spells.
Your spell library was empty.

Dungeon Overview and Level Annotations

Branches:
Dungeon (1/15)

Altars:


Innate Abilities, Weirdness & Mutations

((You are very nimble when in or above water. (Stealth+, EV+, Speed+++)))
Your lower body shifts to a powerful aquatic tail in water.


Message History

A ball python comes into view.
The ball python hisses angrily.
The kobold hits you with a +0 whip.
You miss the kobold. The kobold closely misses you.
You closely miss the kobold. The kobold hits you but does no damage.
The ball python closely misses you. The ball python barely misses you.
The kobold closely misses you.
You hit the ball python.
The ball python is heavily wounded.
The ball python bites you but does no damage.
The ball python grabs you. The ball python constricts you.
The kobold misses you. The ball python closely misses you.
The ball python constricts you.
You closely miss the ball python.
The ball python is heavily wounded.
The ball python bites you but does no damage.
The ball python constricts you. The kobold hits you with a +0 whip.
You slash the ball python!
You kill the ball python!
The ball python barely misses you. The ball python grabs you.
The ball python constricts you. The kobold hits you with a +0 whip.
The ball python bites you but does no damage.
The ball python constricts you.
You hit the ball python but do no damage.
The kobold hits you with a +0 whip. The ball python closely misses you.
The ball python constricts you. The kobold closely misses you.
You closely miss the ball python.
The ball python bites you but does no damage.
The ball python constricts you. The kobold closely misses you.
The ball python bites you.
* * * LOW HITPOINT WARNING * * *
The ball python constricts you.
* * * LOW HITPOINT WARNING * * *
You slash the ball python!
You kill the ball python!
The kobold hits you but does no damage.
You closely miss the kobold. The kobold closely misses you.
You hit the kobold but do no damage. The kobold barely misses you.
The kobold hits you with a +0 whip.
You die...

###... #...##........#
...... ###...#..#.....
......##.......##...#
..............##...####
#...................#
#.......####........#
#.......# #........#
####..### #####..###
#@############'###
......K.#~~~~~~~~~~~.~~~
........#~..P♣.PP♣♣~.~♣♣
........#~♣PP.♣.P♣♣~.~PP
##...##.#~~~~~~~~~~~.~~~
#... #.#~~~~~~~~~.....~
#... #.#~♣♣PP♣♣♣~.###.~
#... #.# ♣PP.♣♣P~.#§#.~
~P.PP♣P♣~.###.~


You could see a kobold.

Vanquished Creatures
  2 ball pythons (D:1)
  A rat (D:1)
3 creatures vanquished.

Notes
Turn   | Place    | Note
-------+----------+-------------------------------------------
     0 | D:1      | monsoonserge the Merfolk Gladiator began the quest for the
                  | Orb.
     0 | D:1      | Reached XP level 1. HP: 16/16 MP: 1/1
    51 | D:1      | Slain by a kobold

Illustrated notes

Levels and vault maps discovered:
D:1:      lightli_arrival_farm, layout_basic

Action                     || total
---------------------------++-------
  Melee: Long sword        ||    11
 Armour: Leather armour    ||     6
  Dodge: Dodged            ||    12
